Map: 2000 Atmospheres LE

Players

Lambo

  • Race: Zerg Zerg
  • League: Grandmaster

LiquidClem (Clem) - Winner!

  • Race: Terran Terran
  • League: Master

Event: StayAtHome Story Cup #4

VOD

Have the link to the VOD?

Description

Time

  • Played on: Oct. 23, 2021, 12:06 p.m.
  • Length: 15:38

All games in this series

Show
View Real Time Build Order
Export as new Build Order

Lambo Zerg 

Build Orders: Hatch First, Lurkers 

Get SALT Encoding   

  12  0:00  Drone  
  13  0:12  Overlord  
  13  0:16  Drone  
  14  0:30  Drone x2  
  16  0:47  Hatchery  
  15  0:50  Drone  
  15  0:54  Drone  
  15  0:57  Drone  
  18  1:09  Extractor  
  17  1:12  Spawning Pool  
  17  1:15  Drone  
  18  1:18  Drone  
  18  1:27  Drone  
  19  1:38  Drone  
  20  1:48  Drone  
  21  1:58  Queen  
  21  1:59  Queen, Zergling x2  
  21  2:00  Zergling x2  
  27  2:09  Drone  
  27  2:10  Overlord  
  28  2:19  Hatchery  
  27  2:23  Drone  
  27  2:29  Drone  
  29  2:31  Drone  
  29  2:33  Drone  
  31  2:37  Queen  
  33  2:46  Overlord  
  33  2:51  Metabolic Boost  
  33  2:55  Drone x3  
  36  3:06  Drone x2, Queen  
  36  3:08  Drone  
  36  3:10  Drone  
  36  3:11  Drone  
  43  3:19  Drone  
  44  3:23  Overlord  
  44  3:25  Overlord  
  44  3:30  Queen  
  44  3:33  Drone  
  47  3:37  Queen  
  47  3:39  Zergling x2  
  50  3:42  Overlord  
  50  3:44  Drone x2  
  50  3:47  Drone  
  50  3:48  Drone x3  
  56  3:55  Overlord  
  56  3:57  Drone x3  
  56  4:00  Overlord  
  59  4:03  Drone  
  59  4:04  Drone  
  59  4:07  Spine Crawler  
  60  4:10  Queen  
  60  4:12  Zergling x2  
  63  4:17  Baneling Nest  
  63  4:19  Zergling x4  
  64  4:26  Queen  
  64  4:27  Overlord  
  64  4:28  Drone x2  
  68  4:33  Drone x3  
  68  4:36  Overlord  
  68  4:37  Drone x2  
  74  4:38  Drone x3  
  74  4:42  Extractor  
  76  4:46  Spore Crawler  
  76  4:47  Spore Crawler  
  76  4:48  Evolution Chamber  
  76  4:50  Spore Crawler  
  76  4:51  Zergling x6  
  75  4:55  Zergling x6  
  75  4:57  Drone x2  
  75  4:59  Drone  
  81  5:02  Drone  
  81  5:06  Lair  
  82  5:08  Drone  
  82  5:09  Drone  
  84  5:14  Zergling x2  
  84  5:17  Drone  
  86  5:25  Drone x2  
  86  5:26  Drone  
  88  5:29  Extractor  
  88  5:30  Extractor  
  88  5:32  Drone x3  
  88  5:35  Drone  
  87  5:37  Drone x4  
  87  5:40  Drone  
  87  5:41  Drone x3  
  93  5:46  Evolution Chamber  
  93  5:47  Evolution Chamber  
  93  5:48  Overlord  
  91  5:50  Drone  
  91  5:53  Drone  
  91  5:56  Hatchery  
  92  5:59  Drone  
  92  6:00  Drone x2  
  92  6:01  Extractor x2  
  92  6:04  Drone x4  
  95  6:06  Centrifugal Hooks  
  95  6:07  Overseer  
  95  6:08  Drone x2  
  99  6:12  Drone  
  99  6:15  Drone x2  
  100  6:20  Drone x4  
  103  6:27  Drone  
  103  6:30  Zerg Ground Armor Level 1, Zerg Melee Weapons Level 1  
  104  6:35  Drone x2  
  104  6:36  Overlord, Hydralisk Den  
  104  6:37  Overlord  
  104  6:38  Overlord  
  105  6:42  Overlord  
  105  6:44  Overlord  
  105  6:46  Overlord  
  105  6:49  Zergling x2  
  105  6:50  Overlord  
  105  6:53  Extractor  
  106  6:54  Zergling x4  
  106  6:56  Baneling x5  
  106  6:57  Zergling x10  
  106  6:58  Baneling x3  
  106  7:00  Zergling x4  
  114  7:03  Overseer  
  114  7:05  Zergling x4  
  114  7:07  Zergling x6  
  119  7:10  Drone x2  
  119  7:13  Extractor  
  119  7:14  Zergling x2  
  119  7:15  Spore Crawler  
  120  7:16  Pneumatized Carapace  
  118  7:28  Zergling x20  
  122  7:34  Drone x4  
  124  7:37  Drone x2  
  124  7:40  Drone x2  
  124  7:42  Muscular Augments  
  127  7:44  Hydralisk x6  
  127  7:45  Infestation Pit  
  127  7:50  Hydralisk x3  
  143  7:57  Zergling x8  
  146  8:04  Hydralisk x3  
  151  8:05  Overlord  
  151  8:09  Overlord  
  151  8:11  Drone x2, Overlord  
  152  8:15  Overlord  
  152  8:17  Zergling x8  
  151  8:20  Baneling x7  
  151  8:24  Zergling x14  
  151  8:25  Baneling  
  151  8:26  Baneling x12  
  154  8:28  Zergling x4  
  154  8:33  Zergling x4  
  154  8:34  Zergling x4  
  159  8:36  Overlord  
  159  8:40  Zergling x10  
  151  8:41  Zergling x2  
  151  8:47  Zergling x2  
  151  8:48  Zergling x6  
  148  8:50  Baneling x9  
  148  8:51  Hive  
  148  8:53  Zergling x2  
  148  8:54  Zergling x10  
  152  8:55  Lurker Den  
  152  9:02  Zergling x10  
  151  9:06  Zerg Missile Weapons Level 1, Zerg Ground Armor Level 2, Grooved Spines  
  151  9:11  Baneling x2  
  151  9:12  Zergling x8  
  151  9:16  Zergling x4  
  157  9:21  Baneling x4  
  157  9:23  Baneling x3  
  151  9:24  Hydralisk x6  
  151  9:27  Baneling x2  
  163  9:33  Zergling x14  
  163  9:34  Zergling x2  
  166  9:49  Zergling x10  
  171  9:53  Baneling, Zergling x2  
  171  9:54  Zergling x6  
  171  9:55  Hatchery  
  171  9:58  Zergling x10  
  169  10:01  Zergling x6  
  162  10:08  Zergling x8  
  162  10:09  Seismic Spines  
  166  10:15  Zergling x4  
  162  10:21  Zergling x10  
  162  10:28  Baneling x9  
  164  10:29  Zergling x2  
  164  10:30  Overlord, Zergling x4  
  164  10:34  Overlord  
  166  10:36  Zergling x8  
  166  10:38  Zergling x4  
  163  10:44  Hydralisk  
  163  10:45  Zergling x2  
  166  10:55  Zergling x10  
  170  10:59  Overlord  
  170  11:01  Lurker  
  170  11:02  Lurker x8  
  170  11:03  Lurker x4  
  181  11:05  Zergling x8  
  181  11:06  Adaptive Talons  
  181  11:10  Zergling x16  
  187  11:11  Queen  
  187  11:14  Baneling x3  
  187  11:15  Zergling x8  
  187  11:18  Zergling x2  
  178  11:24  Zergling x12  
  180  11:26  Overseer  
  180  11:27  Zergling x8  
  169  11:33  Overseer  
  169  11:34  Overseer  
  169  11:37  Zergling x10  
  169  11:39  Zergling x2  
  166  11:44  Hydralisk x5  
  174  11:49  Hydralisk x3  
  174  11:50  Overseer x2  
  174  11:52  Hydralisk x4  
  180  11:56  Hydralisk  
  180  11:57  Hydralisk  
  180  12:00  Hydralisk x2  
  172  12:02  Hydralisk  
  160  12:13  Lurker x2  
  159  12:17  Zergling x8  
  159  12:18  Zergling x10  
  165  12:24  Zergling x2  
  165  12:25  Zergling x6  
  165  12:29  Zergling x6  
  160  12:34  Zergling x6  
  163  12:39  Zergling x8  
  163  12:40  Lurker  
  168  12:47  Lurker x4  
  172  12:54  Lurker x2, Zergling x6  
  172  12:55  Zergling x2  
  177  13:00  Zergling x8  
  177  13:02  Lurker  
  179  13:06  Zergling x2  
  179  13:07  Zergling x6  
  179  13:11  Zergling x2  
  184  13:18  Overlord  
  184  13:19  Overlord  
  181  13:24  Zergling x2  
  161  13:28  Hydralisk x6  
  161  13:30  Hydralisk  
  161  13:33  Hydralisk  
  165  13:38  Hydralisk x2  
  165  13:40  Hydralisk  
  148  13:45  Overseer x4, Hydralisk  
  148  13:46  Zergling x4  
  130  13:49  Zergling x2  
  130  13:51  Lurker x2  
  133  13:57  Zergling x8  
  133  14:00  Hydralisk  
  133  14:02  Hydralisk  
  131  14:08  Lurker x3  
  129  14:10  Lurker  
  129  14:11  Zergling x6  
  129  14:15  Zergling x6  
  136  14:19  Zergling x6  
  136  14:21  Lurker  
  140  14:29  Zergling x10  
  145  14:34  Zergling x4  
  135  14:44  Hatchery  
  121  14:47  Lurker x4  
  121  14:52  Lurker  
  126  14:53  Lurker x2  
  126  14:54  Zergling x4  
  126  14:56  Zergling x2  
  126  14:57  Zergling x2  
  128  15:00  Hydralisk  
  128  15:02  Hydralisk  
  132  15:10  Zergling x14  
  132  15:13  Zergling x4  
  132  15:19  Zergling x4  
  128  15:27  Nydus Network  
Show
View Real Time Build Order
Export as new Build Order

LiquidClem Terran - Winner!

Build Orders: Reaper Expand, Hellion Banshee 

Get SALT Encoding   

  12  0:00  SCV  
  13  0:12  SCV  
  14  0:16  Supply Depot  
  14  0:24  SCV  
  15  0:38  SCV  
  15  0:39  Barracks  
  16  0:44  Refinery  
  16  0:50  SCV  
  17  1:02  SCV  
  18  1:14  SCV  
  19  1:26  Orbital Command  
  19  1:28  Reaper  
  20  1:38  Command Center  
  20  1:47  Supply Depot  
  20  1:52  SCV  
  21  1:59  Marine  
  22  2:04  SCV  
  23  2:10  Factory  
  23  2:13  Refinery  
  23  2:16  SCV  
  23  2:22  Barracks Reactor  
  24  2:28  SCV  
  25  2:41  SCV  
  26  2:50  Orbital Command  
  26  2:54  SCV  
  26  2:57  Starport  
  27  3:03  Hellion x2  
  31  3:06  SCV, Marine  
  33  3:13  Supply Depot  
  33  3:16  SCV  
  33  3:18  SCV  
  35  3:24  Hellion x2  
  35  3:26  Barracks Tech Lab  
  39  3:28  SCV  
  39  3:30  SCV  
  39  3:33  Medivac  
  43  3:36  Supply Depot  
  43  3:40  SCV  
  44  3:46  Hellion x2  
  44  3:47  SCV  
  49  3:52  SCV  
  50  4:01  Supply Depot, SCV  
  51  4:04  SCV  
  52  4:11  Hellion x2, Barracks Tech Lab  
  52  4:13  Cloaking Field, Banshee, SCV  
  60  4:19  SCV  
  60  4:24  Supply Depot  
  61  4:25  SCV  
  61  4:31  Command Center  
  62  4:33  SCV  
  62  4:37  Stimpack  
  63  4:38  SCV  
  63  4:40  Hellion  
  63  4:41  Supply Depot  
  68  4:45  Hellion  
  68  4:46  SCV  
  68  4:51  SCV  
  70  4:55  Banshee  
  70  4:57  Barracks  
  70  4:58  SCV  
  74  5:02  Barracks  
  74  5:06  Marine  
  74  5:07  Refinery x2  
  75  5:11  SCV x2  
  77  5:15  Factory Reactor  
  77  5:20  Engineering Bay  
  77  5:21  Engineering Bay  
  77  5:23  SCV  
  77  5:24  Marine  
  77  5:28  SCV  
  80  5:32  Supply Depot  
  80  5:35  SCV  
  80  5:40  SCV  
  80  5:42  Marine  
  70  5:47  Barracks Reactor, SCV  
  70  5:49  Starport Reactor  
  71  5:50  Terran Infantry Weapons Level 1, Terran Infantry Armor Level 1  
  71  5:53  SCV  
  71  5:55  Barracks  
  71  5:57  Barracks  
  69  5:59  Marine  
  69  6:02  Marine x2  
  69  6:04  SCV, Siege Tank  
  75  6:08  Orbital Command  
  75  6:09  SCV  
  77  6:17  SCV, Marine x3  
  77  6:20  Marine  
  77  6:21  SCV  
  77  6:23  Combat Shield  
  79  6:26  Medivac x2  
  79  6:29  SCV, Factory  
  79  6:31  Supply Depot  
  79  6:32  Marine  
  85  6:33  SCV  
  85  6:34  SCV, Marine  
  85  6:37  Marine x2  
  85  6:39  Siege Tank  
  93  6:42  SCV  
  93  6:43  Supply Depot  
  93  6:44  Marine  
  93  6:45  SCV  
  93  6:46  SCV  
  97  6:48  Barracks Reactor  
  97  6:50  Barracks Reactor  
  97  6:52  Marine x2  
  97  6:54  SCV  
  100  6:56  Supply Depot  
  100  6:57  SCV  
  100  6:58  Refinery  
  100  7:00  Supply Depot, Marine  
  102  7:02  SCV  
  102  7:05  Marine  
  102  7:06  Supply Depot, SCV  
  102  7:07  Marine  
  106  7:13  Factory Reactor  
  106  7:15  Command Center  
  106  7:16  Armory  
  106  7:18  Widow Mine  
  106  7:19  Marine x2  
  106  7:21  Marine  
  111  7:23  Marine  
  111  7:25  Marine  
  111  7:27  Marine  
  111  7:28  Supply Depot  
  114  7:30  Marine x2  
  114  7:31  Marine  
  114  7:32  SCV x3  
  114  7:35  Medivac x2  
  114  7:36  Marine x2  
  125  7:38  Marine  
  125  7:40  Supply Depot  
  125  7:41  Marine  
  125  7:42  Widow Mine  
  125  7:43  Marine  
  131  7:46  Refinery  
  131  7:50  Marine x4  
  137  7:51  Widow Mine x2  
  137  7:56  Supply Depot  
  137  7:57  Marine  
  137  7:58  Marine x2  
  142  8:03  Marine x2  
  144  8:06  Widow Mine  
  144  8:08  Marine  
  144  8:12  Marine x3  
  150  8:13  Widow Mine  
  150  8:15  Marine x2  
  150  8:19  Widow Mine  
  156  8:20  Marine  
  156  8:24  Supply Depot, Marine x2  
  156  8:25  Terran Infantry Armor Level 2, Terran Infantry Weapons Level 2  
  159  8:29  Siege Tank  
  159  8:31  Marine x2  
  159  8:34  Marine  
  164  8:39  Marine  
  164  8:40  SCV  
  153  8:43  Widow Mine  
  153  8:44  Marine  
  153  8:46  Marine  
  148  8:48  Widow Mine  
  148  8:49  Medivac x2  
  148  8:50  Marine  
  148  8:53  Marine  
  148  8:55  Planetary Fortress  
  154  8:58  SCV x2, Marine  
  154  8:59  Barracks x2  
  154  9:00  Barracks, Marine x2  
  154  9:01  Siege Tank  
  159  9:10  SCV x2  
  159  9:15  Drilling Claws  
  157  9:17  Marine  
  157  9:18  SCV  
  157  9:19  Medivac x2  
  157  9:24  Marine x6  
  160  9:25  Widow Mine  
  160  9:26  Widow Mine, Supply Depot  
  160  9:27  SCV x2  
  160  9:30  SCV  
  172  9:34  Marine  
  172  9:38  Marine  
  172  9:40  Marine  
  172  9:41  Marine x2  
  172  9:42  Marine, Siege Tank  
  172  9:43  SCV x2  
  172  9:45  Marine x2  
  173  9:52  Marine x2  
  177  9:53  Widow Mine x2, Barracks Tech Lab x2  
  177  9:57  Barracks Tech Lab  
  177  9:59  Marauder  
  172  10:00  Marine x2  
  172  10:06  Marine  
  153  10:08  Terran Vehicle And Ship Armor Level 1, Marine, Medivac x2  
  153  10:09  Marine x2  
  153  10:10  SCV x3  
  153  10:12  Refinery  
  163  10:14  Widow Mine  
  163  10:20  Marauder  
  158  10:22  Marine x4, Marauder  
  158  10:24  Marine x2  
  158  10:25  Siege Tank  
  158  10:26  Widow Mine  
  171  10:29  Command Center  
  168  10:39  Marine, Marauder  
  168  10:42  Marine x4, Marauder  
  167  10:43  Marauder  
  167  10:44  Widow Mine, Medivac x2  
  167  10:49  Missile Turret  
  175  10:52  Ghost Academy  
  175  10:56  Widow Mine, Marine x2, Marauder  
  179  10:57  Marine x2  
  179  11:00  Marine x2  
  179  11:04  Marine  
  179  11:05  Marauder  
  179  11:06  Marauder, Marine  
  179  11:07  Marine  
  178  11:11  Terran Infantry Weapons Level 3  
  178  11:14  Marine x2  
  178  11:18  Marine x2  
  175  11:19  Marine, Marauder  
  175  11:23  Terran Infantry Armor Level 3  
  175  11:25  Widow Mine  
  178  11:26  Medivac  
  178  11:27  Medivac  
  178  11:28  Marine, Marauder  
  178  11:29  Marine x2  
  180  11:35  Marine x2  
  169  11:42  Ghost x2  
  169  11:46  Widow Mine, Marine x2  
  169  11:47  Marauder, Marine  
  179  11:48  Marine x2  
  179  11:49  Marine  
  181  11:54  Marine x2  
  181  11:55  Marine  
  181  11:56  Medivac  
  181  11:57  Medivac  
  181  12:00  Concussive Shells  
  186  12:04  Marine x2  
  186  12:08  Marine x2, Marauder  
  191  12:10  Marine  
  191  12:11  Marauder x2  
  197  12:16  Widow Mine  
  197  12:23  Siege Tank  
  197  12:27  Missile Turret  
  199  12:34  Widow Mine  
  197  12:40  Command Center  
  197  12:41  Command Center  
  197  12:42  Missile Turret  
  197  12:43  Missile Turret  
  194  12:46  Ghost  
  194  12:48  Planetary Fortress  
  194  12:50  Refinery  
  193  12:51  Refinery  
  193  12:53  Ghost x2  
  193  12:55  Ghost  
  199  13:02  Marine x2  
  199  13:04  Widow Mine x2, Marine  
  199  13:05  Widow Mine  
  199  13:07  Marine  
  199  13:11  Missile Turret  
  200  13:14  Ghost  
  190  13:21  Ghost  
  192  13:28  Ghost  
  192  13:32  Marine  
  167  13:35  Widow Mine, Marine x2  
  167  13:36  Medivac  
  167  13:37  Marine x2  
  168  13:42  Widow Mine, Siege Tank  
  168  13:43  Ghost  
  168  13:45  Marine x2  
  168  13:47  Marine  
  156  13:50  Marine  
  156  13:52  Missile Turret  
  156  13:53  Barracks, Marine  
  156  13:54  Barracks x2  
  156  13:55  Marine x2  
  151  13:57  Widow Mine, Marine, Marauder  
  158  14:03  Widow Mine, Marine x2  
  158  14:04  Marine  
  158  14:08  Marine  
  164  14:10  Orbital Command  
  164  14:11  SCV, Marine  
  164  14:12  Marauder  
  164  14:14  Marine x2  
  172  14:18  Widow Mine, Liberator x2  
  172  14:20  Missile Turret  
  172  14:22  Ghost  
  182  14:24  Sensor Tower  
  182  14:28  Siege Tank  
  182  14:29  Marine  
  184  14:32  Ghost  
  182  14:51  Ghost  
  184  14:57  Barracks Tech Lab  
  182  15:01  Ghost, Planetary Fortress  
  182  15:03  Missile Turret  
  182  15:05  Refinery x2  
  184  15:13  Barracks Tech Lab  
  184  15:18  Barracks Tech Lab  
  184  15:19  Command Center  
Tags
 
Add a new tag
Caveats
  • Supply blocks, unpowered buildings, or Contaminate may cause inaccurate times.
  • Supply counts are checked every 10 seconds.